Connexion

Palm Springs Eager vs Wild

Created - 24 avril 2024 at 05:49

Goals
1 2 3 T
Palm Springs Eager 2 0 0 2
Wild 2 1 2 5
Shots
1 2 3 T
Palm Springs Eager 18 10 11 39
Wild 10 7 9 26

GoalsPenalties
1st period
1. Wild , Joseph Gambardella 3 (Tanner Pearson 3, Jalen Chatfield 10) at 2:18 (PP)
2. Wild , Nikita Jevpalovs 1 (Tanner Pearson 4, Lukas Jasek 2) at 5:53
3. Palm Springs Eager , Scott Mayfield 1 (Mike Hardman 3, Nico Sturm 7) at 11:03 (PP)
4. Palm Springs Eager , Nikita Nesterenko 1 (Lias Andersson 4, Gavin Bayreuther 6) at 16:09
Radko Gudas (SEA) for Tripping (Minor) at 1:01
Scott Reedy (SEA) for Goalie Interference (Minor) at 2:23
Taylor Raddysh (IOW) for Tripping (Minor) at 5:54
Tanner Pearson (IOW) for Roughing (Minor) at 10:23
Jeremy Gregoire (IOW) for Cross-checking (Minor) at 17:02
2nd period
5. Wild , Antti Suomela 1 (Ben Gleason 6, Connor Hobbs 2) at 1:38
Dillon Simpson (IOW) for Interference (Minor) at 1:00
Nico Sturm (SEA) for Tripping (Minor) at 1:00
Eemeli Rasanen (IOW) for Interference (Minor) at 11:54
Jeremy Gregoire (IOW) for Delaying the game (Minor) at 14:29
Dillon Simpson (IOW) for Holding (Minor) at 18:41
3rd period
6. Wild , Anders Bjork 2 (Jalen Chatfield 11) at 2:45
7. Wild , Anthony Louis 5 (Ben Gleason 7) at 12:54
No Penalty
Goalie Stats
Joseph Woll (SEA), 6 saves from 7 shots - (0,857), 17:15 minutes
Anton Forsberg (SEA), 15 saves from 19 shots - (0,789), L, 5-1-0, 42:45 minutes
Maxime Lagace (IOW), 37 saves from 39 shots - (0,949), W, 4-3-0, 60:00 minutes
3 StarsOfficial
1 - Ben Gleason (IOW)
2 - Connor Hobbs (IOW)
3 - Maxime Lagace (IOW)
Referees : Kerry Fraser and Bill McCreary
Linesman : Tim Nowak and Mark Wheler
Game Note
Joseph Woll enters game at 2:45 of 3rd period
Finance
Level 1 -- Attendance: 1893 (94,65%) -- Ticket Income $75,720
Level 2 -- Attendance: 1000 (100,00%) -- Ticket Income $20,000
Total Attendance: 2893 (96,43%)
Total Ticket Income: $95,720
Other Income: $19,144
Total Income: $114,864



Team Name Goals Shots Shots Attemp Shots Blocked PIM HIT PP PK FO%
Palm Springs Eager 2397426221 / 6 (17%)150%
Wild 526451314191 / 2 (50%)150%

Palm Springs Eager
Player Name POS G A P +/- PIM HIT SHT SB MP PP MP PP SHT PK MP PK SHT FO% FOT
Alexander CampbellC/LW000-2001010:560:0000:00050% 2
Colin MillerD000-1020114:320:0000:0000% 0
Dmitry OvchinnikovLW000000100:540:0000:0000% 0
Gavin BayreutherD011-1022020:445:1312:0800% 0
Jonathan ToewsC0000015025:315:1800:52057% 23
Lias AnderssonC0111000014:050:0000:35043% 7
Mike HardmanC/LW/RW011-1035018:534:5620:00050% 2
Nico SturmC/LW011-1220120:414:5601:49046% 26
Nikita NesterenkoC/LW/RW1011004013:300:0000:000100% 2
Radko GudasD000-1271024:015:2210:2600% 0
Riley DuranC000000101:330:3200:0000% 1
Rocco GrimaldiC/RW000-3014024:205:3920:52050% 2
Ryan GravesD000-1014024:445:2231:0800% 0
Saku MaenalanenC/LW/RW000-1006019:284:5620:35050% 2
Scott MayfieldD101-1023020:445:1312:0800% 0
Scott ReedyC000-2200010:550:0000:00045% 11
Steven LorentzC/LW0000002013:575:2821:49050% 2
Vili SaarijarviD000-1010015:140:0000:4200% 0
Wild
Player Name POS G A P +/- PIM HIT SHT SB MP PP MP PP SHT PK MP PK SHT FO% FOT
Anders BjorkLW/RW1011004022:321:1806:181100% 1
Anthony LouisC/LW1010003017:141:5800:000100% 1
Antti SuomelaC101100100:380:0000:000100% 1
Ben GleasonD0223021521:461:3105:3700% 0
Ben ThomasD0000001213:320:0000:0700% 0
Connor HobbsD0113040221:311:3105:2200% 0
Danick MartelC/LW0000041020:221:5803:08045% 20
Dillon SimpsonD0000420223:271:4503:3800% 0
Eemeli RasanenD0000210014:300:0001:2800% 0
Jalen ChatfieldD0220010225:111:4504:5800% 0
Jeremy GregoireC/LW/RW0001411012:280:0000:00056% 9
Joseph GambardellaC/LW1011023018:281:1813:35050% 20
Kasper BjorkqvistLW/RW0000003014:090:0002:1700% 4
Lukas JasekC/RW011100003:270:0000:00075% 4
Michael MerschLW/RW0000014011:520:0000:0000% 0
Nikita JevpalovsLW/RW101100103:270:0000:0000% 2
Tanner PearsonLW0222202025:321:1805:52056% 16
Taylor RaddyshRW0000211017:131:5800:00050% 2



Play-by-Play

1st period


0:01 of 1st period - Jonathan Toews wins face-off versus Joseph Gambardella in neutral zone.
0:13 of 1st period - Jonathan Toews is hit by Dillon Simpson and loses puck.
0:53 of 1st period - Anthony Louis is hit by Radko Gudas and loses puck.
1:01 of 1st period - Minor Penalty to Radko Gudas for Tripping.
1:02 of 1st period - Lias Andersson wins face-off versus Danick Martel in Palm Springs Eager zone.
1:02 of 1st period - Lias Andersson is hit by Danick Martel.
2:16 of 1st period - Shot by Tanner Pearson.
2:16 of 1st period - Shot Misses the Net.
2:18 of 1st period - Shot by Joseph Gambardella.
2:18 of 1st period - Goal by Joseph Gambardella - Palm Springs Eager : 0 - Wild : 1.
2:19 of 1st period - Jeremy Gregoire wins face-off versus Scott Reedy in neutral zone.
2:19 of 1st period - Ben Thomas is hit by Rocco Grimaldi and loses puck.
2:23 of 1st period - Minor Penalty to Scott Reedy for Goalie Interference.
2:24 of 1st period - Anthony Louis wins face-off versus Jonathan Toews in Palm Springs Eager zone.
2:24 of 1st period - Anthony Louis is hit by Gavin Bayreuther.
4:54 of 1st period - Shot by Michael Mersch.
4:54 of 1st period - Shot Blocked by Colin Miller.
5:19 of 1st period - Icing by Radko Gudas.
5:20 of 1st period - Joseph Gambardella wins face-off versus Scott Reedy in Palm Springs Eager zone.
5:33 of 1st period - Shot by Joseph Gambardella.
5:33 of 1st period - Stopped by Anton Forsberg without a rebound.
5:34 of 1st period - Lukas Jasek wins face-off versus Nico Sturm in Palm Springs Eager zone.
5:51 of 1st period - Shot by Nikita Jevpalovs.
5:51 of 1st period - Shot Misses the Net.
5:53 of 1st period - Shot by Tanner Pearson.
5:53 of 1st period - Deflect By Nikita Jevpalovs.
5:53 of 1st period - Goal by Nikita Jevpalovs - Palm Springs Eager : 0 - Wild : 2.
5:54 of 1st period - Alexander Campbell wins face-off versus Danick Martel in neutral zone.
5:54 of 1st period - Minor Penalty to Taylor Raddysh for Tripping.
5:55 of 1st period - Tanner Pearson wins face-off versus Jonathan Toews in Wild zone.
7:05 of 1st period - Icing by Mike Hardman.
7:06 of 1st period - Joseph Gambardella wins face-off versus Nico Sturm in Palm Springs Eager zone.
7:36 of 1st period - Shot by Saku Maenalanen.
7:36 of 1st period - Stopped by Maxime Lagace without a rebound.
7:37 of 1st period - Jonathan Toews wins face-off versus Joseph Gambardella in Wild zone.
7:43 of 1st period - Shot by Radko Gudas.
7:43 of 1st period - Shot Blocked by Ben Gleason.
7:45 of 1st period - Shot by Ryan Graves.
7:45 of 1st period - Stopped by Maxime Lagace with a rebound.
7:47 of 1st period - Shot by Rocco Grimaldi.
7:47 of 1st period - Stopped by Maxime Lagace without a rebound.
7:48 of 1st period - Joseph Gambardella wins face-off versus Mike Hardman in Wild zone.
8:24 of 1st period - Shot by Jonathan Toews.
8:24 of 1st period - Stopped by Maxime Lagace without a rebound.
8:25 of 1st period - Jeremy Gregoire wins face-off versus Nico Sturm in Wild zone.
8:32 of 1st period - Shot by Kasper Bjorkqvist.
8:32 of 1st period - Stopped by Anton Forsberg without a rebound.
8:33 of 1st period - Joseph Gambardella wins face-off versus Saku Maenalanen in Palm Springs Eager zone.
8:58 of 1st period - Shot by Saku Maenalanen.
8:58 of 1st period - Stopped by Maxime Lagace without a rebound.
8:59 of 1st period - Jonathan Toews wins face-off versus Danick Martel in Wild zone.
9:01 of 1st period - Rocco Grimaldi is hit by Connor Hobbs and loses puck.
9:12 of 1st period - Shot by Anthony Louis.
9:12 of 1st period - Stopped by Anton Forsberg without a rebound.
9:13 of 1st period - Joseph Gambardella wins face-off versus Scott Reedy in Palm Springs Eager zone.
9:34 of 1st period - Shot by Alexander Campbell.
9:34 of 1st period - Shot Misses the Net.
9:36 of 1st period - Shot by Rocco Grimaldi.
9:36 of 1st period - Shot Misses the Net.
9:38 of 1st period - Shot by Scott Mayfield.
9:38 of 1st period - Stopped by Maxime Lagace without a rebound.
9:39 of 1st period - Nico Sturm wins face-off versus Danick Martel in Wild zone.
9:59 of 1st period - Icing by Ben Gleason.
10:00 of 1st period - Danick Martel wins face-off versus Jonathan Toews in Wild zone.
10:13 of 1st period - Shot by Danick Martel.
10:13 of 1st period - Stopped by Anton Forsberg without a rebound.
10:14 of 1st period - Joseph Gambardella wins face-off versus Nico Sturm in Palm Springs Eager zone.
10:14 of 1st period - Tanner Pearson is hit by Radko Gudas and loses puck.
10:20 of 1st period - Icing by Radko Gudas.
10:21 of 1st period - Nico Sturm wins face-off versus Joseph Gambardella in Palm Springs Eager zone.
10:23 of 1st period - Minor Penalty to Tanner Pearson for Roughing.
10:24 of 1st period - Jonathan Toews wins face-off versus Kasper Bjorkqvist in Wild zone.
10:37 of 1st period - Shot by Steven Lorentz.
10:37 of 1st period - Stopped by Maxime Lagace without a rebound.
10:38 of 1st period - Nico Sturm wins face-off versus Kasper Bjorkqvist in Wild zone.
10:59 of 1st period - Shot by Nico Sturm.
10:59 of 1st period - Shot Misses the Net.
11:01 of 1st period - Shot by Mike Hardman.
11:01 of 1st period - Stopped by Maxime Lagace with a rebound.
11:03 of 1st period - Shot by Scott Mayfield.
11:03 of 1st period - Goal by Scott Mayfield - Palm Springs Eager : 1 - Wild : 2.
11:04 of 1st period - Danick Martel wins face-off versus Jonathan Toews in neutral zone.
11:23 of 1st period - Shot by Danick Martel.
11:23 of 1st period - Deflect By Taylor Raddysh.
11:23 of 1st period - Stopped by Anton Forsberg without a rebound.
11:24 of 1st period - Nico Sturm wins face-off versus Joseph Gambardella in Palm Springs Eager zone.
11:24 of 1st period - Nico Sturm is hit by Joseph Gambardella.
11:31 of 1st period - Saku Maenalanen is hit by Ben Gleason and loses puck.
11:46 of 1st period - Shot by Saku Maenalanen.
11:46 of 1st period - Shot Misses the Net.
11:48 of 1st period - Shot by Mike Hardman.
11:48 of 1st period - Shot Blocked by Ben Gleason.
11:50 of 1st period - Shot by Nico Sturm.
11:50 of 1st period - Shot Misses the Net.
11:58 of 1st period - Shot by Mike Hardman.
11:58 of 1st period - Stopped by Maxime Lagace without a rebound.
11:59 of 1st period - Jonathan Toews wins face-off versus Danick Martel in Wild zone.
12:00 of 1st period - Shot by Rocco Grimaldi.
12:00 of 1st period - Shot Misses the Net.
12:02 of 1st period - Shot by Ryan Graves.
12:02 of 1st period - Shot Blocked by Jalen Chatfield.
12:17 of 1st period - Rocco Grimaldi is hit by Dillon Simpson and loses puck.
12:22 of 1st period - Shot by Jonathan Toews.
12:22 of 1st period - Stopped by Maxime Lagace with a rebound.
12:32 of 1st period - Shot by Rocco Grimaldi.
12:32 of 1st period - Stopped by Maxime Lagace without a rebound.
12:33 of 1st period - Jeremy Gregoire wins face-off versus Nico Sturm in Wild zone.
12:33 of 1st period - Jeremy Gregoire is hit by Mike Hardman.
12:47 of 1st period - Shot by Jeremy Gregoire.
12:47 of 1st period - Shot Misses the Net.
12:55 of 1st period - Shot by Jeremy Gregoire.
12:55 of 1st period - Deflect By Michael Mersch.
12:55 of 1st period - Stopped by Anton Forsberg with a rebound.
12:57 of 1st period - Shot by Jeremy Gregoire.
12:57 of 1st period - Shot Misses the Net.
12:59 of 1st period - Shot by Jeremy Gregoire.
12:59 of 1st period - Stopped by Anton Forsberg without a rebound.
13:00 of 1st period - Anders Bjork wins face-off versus Lias Andersson in Palm Springs Eager zone.
13:11 of 1st period - Shot by Anders Bjork.
13:11 of 1st period - Stopped by Anton Forsberg with a rebound.
13:35 of 1st period - Shot by Tanner Pearson.
13:35 of 1st period - Shot Misses the Net.
14:42 of 1st period - Icing by Dillon Simpson.
14:43 of 1st period - Nico Sturm wins face-off versus Danick Martel in Wild zone.
14:44 of 1st period - Shot by Saku Maenalanen.
14:44 of 1st period - Deflect By Nico Sturm.
14:44 of 1st period - Shot Misses the Net.
15:40 of 1st period - Shot by Jonathan Toews.
15:40 of 1st period - Stopped by Maxime Lagace with a rebound.
15:42 of 1st period - Shot by Scott Mayfield.
15:42 of 1st period - Stopped by Maxime Lagace with a rebound.
15:46 of 1st period - Shot by Jonathan Toews.
15:46 of 1st period - Stopped by Maxime Lagace with a rebound.
16:09 of 1st period - Shot by Nikita Nesterenko.
16:09 of 1st period - Goal by Nikita Nesterenko - Palm Springs Eager : 2 - Wild : 2.
16:10 of 1st period - Joseph Gambardella wins face-off versus Rocco Grimaldi in neutral zone.
16:33 of 1st period - Shot by Anders Bjork.
16:33 of 1st period - Shot Misses the Net.
17:02 of 1st period - Minor Penalty to Jeremy Gregoire for Cross-checking.
17:03 of 1st period - Tanner Pearson wins face-off versus Nico Sturm in Wild zone.
17:17 of 1st period - Off-side.
17:18 of 1st period - Nico Sturm wins face-off versus Tanner Pearson in neutral zone.
17:44 of 1st period - Shot by Mike Hardman.
17:44 of 1st period - Stopped by Maxime Lagace without a rebound.
17:45 of 1st period - Jonathan Toews wins face-off versus Tanner Pearson in Wild zone.
17:45 of 1st period - Jonathan Toews is hit by Ben Gleason.
18:01 of 1st period - Shot by Ryan Graves.
18:01 of 1st period - Stopped by Maxime Lagace without a rebound.
18:02 of 1st period - Jonathan Toews wins face-off versus Joseph Gambardella in Wild zone.
18:40 of 1st period - Off-side.
18:41 of 1st period - Nico Sturm wins face-off versus Danick Martel in neutral zone.
19:08 of 1st period - Shot by Lias Andersson.
19:08 of 1st period - Shot Blocked by Ben Thomas.
19:16 of 1st period - Shot by Jonathan Toews.
19:16 of 1st period - Deflect By Lias Andersson.
19:16 of 1st period - Shot Misses the Net.
19:21 of 1st period - Icing by Eemeli Rasanen.
19:22 of 1st period - Jeremy Gregoire wins face-off versus Nico Sturm in Wild zone.
19:22 of 1st period - Jeremy Gregoire is hit by Mike Hardman.
19:39 of 1st period - Off-side.
19:40 of 1st period - Scott Reedy wins face-off versus Joseph Gambardella in neutral zone.
19:40 of 1st period - Rocco Grimaldi is hit by Joseph Gambardella and loses puck.
19:54 of 1st period - Tanner Pearson is hit by Radko Gudas and loses puck.
Goals for this period are 2 for Palm Springs Eager vs 2 for Wild.
Shots for this period are 18 for Palm Springs Eager vs 10 for Wild.

2nd period


0:01 of 2nd period - Joseph Gambardella wins face-off versus Jonathan Toews in neutral zone.
1:00 of 2nd period - Minor Penalty to Dillon Simpson for Interference.
1:00 of 2nd period - Minor Penalty to Nico Sturm for Tripping.
1:01 of 2nd period - Antti Suomela wins face-off versus Jonathan Toews in Wild zone.
1:38 of 2nd period - Shot by Antti Suomela.
1:38 of 2nd period - Goal by Antti Suomela - Palm Springs Eager : 2 - Wild : 3.
1:39 of 2nd period - Tanner Pearson wins face-off versus Steven Lorentz in neutral zone.
1:57 of 2nd period - Shot by Tanner Pearson.
1:57 of 2nd period - Stopped by Anton Forsberg with a rebound.
2:00 of 2nd period - Icing by Radko Gudas.
2:01 of 2nd period - Steven Lorentz wins face-off versus Tanner Pearson in Palm Springs Eager zone.
3:06 of 2nd period - Shot by Saku Maenalanen.
3:06 of 2nd period - Stopped by Maxime Lagace without a rebound.
3:07 of 2nd period - Taylor Raddysh wins face-off versus Nico Sturm in Wild zone.
3:07 of 2nd period - Anthony Louis is hit by Nico Sturm and loses puck.
3:43 of 2nd period - Shot by Saku Maenalanen.
3:43 of 2nd period - Shot Blocked by Dillon Simpson.
3:46 of 2nd period - Icing by Danick Martel.
3:47 of 2nd period - Danick Martel wins face-off versus Lias Andersson in Wild zone.
3:52 of 2nd period - Shot by Nikita Nesterenko.
3:52 of 2nd period - Stopped by Maxime Lagace with a rebound.
5:06 of 2nd period - Shot by Tanner Pearson.
5:06 of 2nd period - Shot Misses the Net.
5:25 of 2nd period - Saku Maenalanen is hit by Connor Hobbs.
6:23 of 2nd period - Icing by Anthony Louis.
6:24 of 2nd period - Danick Martel wins face-off versus Scott Reedy in Wild zone.
6:29 of 2nd period - Vili Saarijarvi is hit by Danick Martel and loses puck.
6:59 of 2nd period - Jeremy Gregoire is hit by Vili Saarijarvi and loses puck.
7:10 of 2nd period - Shot by Jeremy Gregoire.
7:10 of 2nd period - Shot Misses the Net.
7:12 of 2nd period - Shot by Jeremy Gregoire.
7:12 of 2nd period - Shot Misses the Net.
7:14 of 2nd period - Shot by Michael Mersch.
7:14 of 2nd period - Stopped by Anton Forsberg without a rebound.
7:15 of 2nd period - Joseph Gambardella wins face-off versus Nico Sturm in Palm Springs Eager zone.
7:15 of 2nd period - Joseph Gambardella is hit by Scott Mayfield.
7:18 of 2nd period - Tanner Pearson is hit by Scott Mayfield and loses puck.
7:35 of 2nd period - Shot by Joseph Gambardella.
7:35 of 2nd period - Shot Misses the Net.
8:14 of 2nd period - Anthony Louis is hit by Radko Gudas and loses puck.
8:49 of 2nd period - Shot by Nikita Nesterenko.
8:49 of 2nd period - Stopped by Maxime Lagace with a rebound.
8:51 of 2nd period - Shot by Riley Duran.
8:51 of 2nd period - Stopped by Maxime Lagace without a rebound.
8:52 of 2nd period - Lias Andersson wins face-off versus Lukas Jasek in Wild zone.
9:19 of 2nd period - Icing by Nikita Nesterenko.
9:20 of 2nd period - Nikita Nesterenko wins face-off versus Kasper Bjorkqvist in Palm Springs Eager zone.
9:37 of 2nd period - Shot by Kasper Bjorkqvist.
9:37 of 2nd period - Deflect By Jeremy Gregoire.
9:37 of 2nd period - Shot Blocked by Nico Sturm.
9:39 of 2nd period - Shot by Kasper Bjorkqvist.
9:39 of 2nd period - Deflect By Michael Mersch.
9:39 of 2nd period - Stopped by Anton Forsberg with a rebound.
9:48 of 2nd period - Jeremy Gregoire is hit by Radko Gudas and loses puck.
9:57 of 2nd period - Shot by Saku Maenalanen.
9:57 of 2nd period - Deflect By Mike Hardman.
9:57 of 2nd period - Shot Blocked by Connor Hobbs.
11:54 of 2nd period - Minor Penalty to Eemeli Rasanen for Interference.
11:55 of 2nd period - Mike Hardman wins face-off versus Tanner Pearson in Wild zone.
12:10 of 2nd period - Shot by Saku Maenalanen.
12:10 of 2nd period - Stopped by Maxime Lagace without a rebound.
12:11 of 2nd period - Tanner Pearson wins face-off versus Nico Sturm in Wild zone.
12:11 of 2nd period - Tanner Pearson is hit by Nico Sturm.
12:46 of 2nd period - Shot by Gavin Bayreuther.
12:46 of 2nd period - Stopped by Maxime Lagace without a rebound.
12:47 of 2nd period - Rocco Grimaldi wins face-off versus Tanner Pearson in Wild zone.
12:54 of 2nd period - Shot by Radko Gudas.
12:54 of 2nd period - Shot Blocked by Ben Gleason.
12:58 of 2nd period - Shot by Rocco Grimaldi.
12:58 of 2nd period - Shot Misses the Net.
13:00 of 2nd period - Shot by Ryan Graves.
13:00 of 2nd period - Shot Misses the Net.
13:02 of 2nd period - Shot by Radko Gudas.
13:02 of 2nd period - Stopped by Maxime Lagace without a rebound.
13:03 of 2nd period - Jonathan Toews wins face-off versus Joseph Gambardella in Wild zone.
13:06 of 2nd period - Shot by Ryan Graves.
13:06 of 2nd period - Shot Blocked by Jalen Chatfield.
14:29 of 2nd period - Minor Penalty to Jeremy Gregoire for Delaying the game.
14:30 of 2nd period - Nico Sturm wins face-off versus Joseph Gambardella in Wild zone.
14:31 of 2nd period - Shot by Saku Maenalanen.
14:31 of 2nd period - Shot Misses the Net.
14:45 of 2nd period - Shot by Gavin Bayreuther.
14:45 of 2nd period - Shot Blocked by Connor Hobbs.
16:05 of 2nd period - Shot by Ryan Graves.
16:05 of 2nd period - Shot Misses the Net.
16:07 of 2nd period - Shot by Ryan Graves.
16:07 of 2nd period - Stopped by Maxime Lagace without a rebound.
16:08 of 2nd period - Tanner Pearson wins face-off versus Riley Duran in Wild zone.
16:45 of 2nd period - Shot by Dmitry Ovchinnikov.
16:45 of 2nd period - Shot Misses the Net.
16:56 of 2nd period - Shot by Dmitry Ovchinnikov.
16:56 of 2nd period - Stopped by Maxime Lagace with a rebound.
17:46 of 2nd period - Shot by Saku Maenalanen.
17:46 of 2nd period - Stopped by Maxime Lagace without a rebound.
17:47 of 2nd period - Lukas Jasek wins face-off versus Jonathan Toews in Wild zone.
18:12 of 2nd period - Shot by Ben Gleason.
18:12 of 2nd period - Stopped by Anton Forsberg with a rebound.
18:14 of 2nd period - Shot by Ben Gleason.
18:14 of 2nd period - Deflect By Tanner Pearson.
18:14 of 2nd period - Stopped by Anton Forsberg without a rebound.
18:15 of 2nd period - Jeremy Gregoire wins face-off versus Nico Sturm in Palm Springs Eager zone.
18:16 of 2nd period - Shot by Kasper Bjorkqvist.
18:16 of 2nd period - Stopped by Anton Forsberg with a rebound.
18:41 of 2nd period - Minor Penalty to Dillon Simpson for Holding.
18:42 of 2nd period - Jonathan Toews wins face-off versus Tanner Pearson in Wild zone.
Goals for this period are 0 for Palm Springs Eager vs 1 for Wild.
Shots for this period are 10 for Palm Springs Eager vs 7 for Wild.

3rd period


0:01 of 3rd period - Tanner Pearson wins face-off versus Jonathan Toews in neutral zone.
0:06 of 3rd period - Shot by Anders Bjork.
0:06 of 3rd period - Stopped by Anton Forsberg without a rebound.
0:07 of 3rd period - Tanner Pearson wins face-off versus Jonathan Toews in Palm Springs Eager zone.
0:07 of 3rd period - Anders Bjork is hit by Radko Gudas and loses puck.
0:11 of 3rd period - Icing by Ryan Graves.
0:12 of 3rd period - Jonathan Toews wins face-off versus Tanner Pearson in Palm Springs Eager zone.
0:22 of 3rd period - Shot by Rocco Grimaldi.
0:22 of 3rd period - Deflect By Steven Lorentz.
0:22 of 3rd period - Stopped by Maxime Lagace without a rebound.
0:23 of 3rd period - Tanner Pearson wins face-off versus Jonathan Toews in Wild zone.
0:23 of 3rd period - Tanner Pearson is hit by Jonathan Toews.
0:37 of 3rd period - Shot by Steven Lorentz.
0:37 of 3rd period - Deflect By Rocco Grimaldi.
0:37 of 3rd period - Stopped by Maxime Lagace without a rebound.
0:38 of 3rd period - Tanner Pearson wins face-off versus Nico Sturm in Wild zone.
1:27 of 3rd period - Icing by Ben Gleason.
1:28 of 3rd period - Nico Sturm wins face-off versus Jeremy Gregoire in Wild zone.
1:31 of 3rd period - Shot by Saku Maenalanen.
1:31 of 3rd period - Shot Blocked by Ben Gleason.
2:26 of 3rd period - Tanner Pearson is hit by Gavin Bayreuther and loses puck.
2:45 of 3rd period - Shot by Anders Bjork.
2:45 of 3rd period - Goal by Anders Bjork - Palm Springs Eager : 2 - Wild : 4.
2:45 of 3rd period - Joseph Woll enters game.
2:46 of 3rd period - Nikita Nesterenko wins face-off versus Danick Martel in neutral zone.
3:46 of 3rd period - Shot by Alexander Campbell.
3:46 of 3rd period - Shot Blocked by Dillon Simpson.
3:48 of 3rd period - Shot by Alexander Campbell.
3:48 of 3rd period - Stopped by Maxime Lagace without a rebound.
3:49 of 3rd period - Joseph Gambardella wins face-off versus Nico Sturm in Wild zone.
4:30 of 3rd period - Joseph Gambardella is hit by Ryan Graves and loses puck.
5:14 of 3rd period - Off-side.
5:15 of 3rd period - Danick Martel wins face-off versus Lias Andersson in neutral zone.
5:18 of 3rd period - Jonathan Toews is hit by Taylor Raddysh and loses puck.
5:25 of 3rd period - Shot by Lias Andersson.
5:25 of 3rd period - Shot Misses the Net.
5:27 of 3rd period - Shot by Nikita Nesterenko.
5:27 of 3rd period - Stopped by Maxime Lagace without a rebound.
5:28 of 3rd period - Scott Reedy wins face-off versus Nikita Jevpalovs in Wild zone.
5:46 of 3rd period - Shot by Gavin Bayreuther.
5:46 of 3rd period - Stopped by Maxime Lagace without a rebound.
5:47 of 3rd period - Danick Martel wins face-off versus Lias Andersson in Wild zone.
6:24 of 3rd period - Shot by Anthony Louis.
6:24 of 3rd period - Deflect By Danick Martel.
6:24 of 3rd period - Shot Misses the Net.
6:37 of 3rd period - Lias Andersson is hit by Jalen Chatfield and loses puck.
7:06 of 3rd period - Shot by Joseph Gambardella.
7:06 of 3rd period - Shot Misses the Net.
7:13 of 3rd period - Tanner Pearson is hit by Colin Miller and loses puck.
7:43 of 3rd period - Icing by Connor Hobbs.
7:44 of 3rd period - Scott Reedy wins face-off versus Jeremy Gregoire in Wild zone.
7:44 of 3rd period - Rocco Grimaldi is hit by Connor Hobbs and loses puck.
8:01 of 3rd period - Shot by Michael Mersch.
8:01 of 3rd period - Deflect By Kasper Bjorkqvist.
8:01 of 3rd period - Stopped by Joseph Woll without a rebound.
8:02 of 3rd period - Danick Martel wins face-off versus Nico Sturm in Palm Springs Eager zone.
8:04 of 3rd period - Anthony Louis is hit by Radko Gudas.
8:09 of 3rd period - Nico Sturm is hit by Danick Martel and loses puck.
8:30 of 3rd period - Shot by Mike Hardman.
8:30 of 3rd period - Stopped by Maxime Lagace without a rebound.
8:31 of 3rd period - Scott Reedy wins face-off versus Joseph Gambardella in Wild zone.
9:09 of 3rd period - Shot by Anders Bjork.
9:09 of 3rd period - Stopped by Joseph Woll without a rebound.
9:10 of 3rd period - Nico Sturm wins face-off versus Danick Martel in Palm Springs Eager zone.
9:31 of 3rd period - Shot by Mike Hardman.
9:31 of 3rd period - Stopped by Maxime Lagace without a rebound.
9:32 of 3rd period - Jonathan Toews wins face-off versus Kasper Bjorkqvist in Wild zone.
9:33 of 3rd period - Shot by Rocco Grimaldi.
9:33 of 3rd period - Stopped by Maxime Lagace without a rebound.
9:34 of 3rd period - Jonathan Toews wins face-off versus Joseph Gambardella in Wild zone.
9:55 of 3rd period - Shot by Joseph Gambardella.
9:55 of 3rd period - Stopped by Joseph Woll with a rebound.
10:06 of 3rd period - Icing by Ryan Graves.
10:07 of 3rd period - Jonathan Toews wins face-off versus Danick Martel in Palm Springs Eager zone.
10:09 of 3rd period - Rocco Grimaldi is hit by Danick Martel and loses puck.
10:32 of 3rd period - Shot by Anthony Louis.
10:32 of 3rd period - Stopped by Joseph Woll without a rebound.
10:33 of 3rd period - Nico Sturm wins face-off versus Jeremy Gregoire in Palm Springs Eager zone.
10:42 of 3rd period - Ben Thomas is hit by Mike Hardman and loses puck.
10:49 of 3rd period - Shot by Nico Sturm.
10:49 of 3rd period - Deflect By Saku Maenalanen.
10:49 of 3rd period - Shot Misses the Net.
11:01 of 3rd period - Shot by Saku Maenalanen.
11:01 of 3rd period - Stopped by Maxime Lagace with a rebound.
11:03 of 3rd period - Shot by Saku Maenalanen.
11:03 of 3rd period - Shot Misses the Net.
11:12 of 3rd period - Shot by Mike Hardman.
11:12 of 3rd period - Shot Blocked by Ben Thomas.
11:14 of 3rd period - Shot by Mike Hardman.
11:14 of 3rd period - Shot Misses the Net.
11:53 of 3rd period - Shot by Tanner Pearson.
11:53 of 3rd period - Shot Misses the Net.
12:30 of 3rd period - Shot by Rocco Grimaldi.
12:30 of 3rd period - Shot Misses the Net.
12:32 of 3rd period - Shot by Rocco Grimaldi.
12:32 of 3rd period - Deflect By Alexander Campbell.
12:32 of 3rd period - Shot Misses the Net.
12:34 of 3rd period - Shot by Ryan Graves.
12:34 of 3rd period - Stopped by Maxime Lagace without a rebound.
12:35 of 3rd period - Scott Reedy wins face-off versus Taylor Raddysh in Wild zone.
12:35 of 3rd period - Ryan Graves is hit by Connor Hobbs and loses puck.
12:54 of 3rd period - Shot by Anthony Louis.
12:54 of 3rd period - Goal by Anthony Louis - Palm Springs Eager : 2 - Wild : 5.
12:55 of 3rd period - Saku Maenalanen wins face-off versus Jeremy Gregoire in neutral zone.
13:02 of 3rd period - Shot by Saku Maenalanen.
13:02 of 3rd period - Shot Misses the Net.
13:10 of 3rd period - Shot by Michael Mersch.
13:10 of 3rd period - Stopped by Joseph Woll without a rebound.
13:11 of 3rd period - Danick Martel wins face-off versus Scott Reedy in Palm Springs Eager zone.
13:24 of 3rd period - Shot by Ryan Graves.
13:24 of 3rd period - Shot Misses the Net.
13:26 of 3rd period - Shot by Rocco Grimaldi.
13:26 of 3rd period - Shot Blocked by Ben Gleason.
13:42 of 3rd period - Shot by Danick Martel.
13:42 of 3rd period - Shot Misses the Net.
13:53 of 3rd period - Shot by Rocco Grimaldi.
13:53 of 3rd period - Shot Misses the Net.
14:57 of 3rd period - Anders Bjork is hit by Colin Miller and loses puck.
15:38 of 3rd period - Shot by Jeremy Gregoire.
15:38 of 3rd period - Shot Misses the Net.
15:40 of 3rd period - Shot by Ben Thomas.
15:40 of 3rd period - Stopped by Joseph Woll without a rebound.
15:41 of 3rd period - Lukas Jasek wins face-off versus Alexander Campbell in Palm Springs Eager zone.
16:46 of 3rd period - Icing by Danick Martel.
16:47 of 3rd period - Nico Sturm wins face-off versus Danick Martel in Wild zone.
17:03 of 3rd period - Shot by Anthony Louis.
17:03 of 3rd period - Shot Misses the Net.
17:23 of 3rd period - Nico Sturm is hit by Jeremy Gregoire and loses puck.
18:08 of 3rd period - Vili Saarijarvi is hit by Michael Mersch and loses puck.
18:38 of 3rd period - Off-side.
18:39 of 3rd period - Danick Martel wins face-off versus Scott Reedy in neutral zone.
19:03 of 3rd period - Shot by Taylor Raddysh.
19:03 of 3rd period - Shot Misses the Net.
19:43 of 3rd period - Shot by Jonathan Toews.
19:43 of 3rd period - Stopped by Maxime Lagace without a rebound.
19:44 of 3rd period - Lias Andersson wins face-off versus Nikita Jevpalovs in Wild zone.
19:48 of 3rd period - Nikita Nesterenko is hit by Eemeli Rasanen.
Goals for this period are 0 for Palm Springs Eager vs 2 for Wild.
Shots for this period are 11 for Palm Springs Eager vs 9 for Wild.